AoeStats
← AiM | Facu1414

MegaRandom

505806648Analyzed
4v4 RM · 20d ago on Sep 11, 2026· 27m 49s· 8 players
Game mode
Random Map
Map size
Large (8 player)
Population
200
Speed
Normal
Resources
Standard
Victory
Conquest
Starting age
Dark Age
Ending age
Imperial Age
RankedLock teamsTeams togetherTeam positionsShared explorationLock speedFull tech treeHidden civsTurbo modeCheats
Victory
Defeat
🇦🇷 Lithuanians · Argentina
1573
+10
🇲🇽 Britons · Mexico
1564
+11
🇦🇷 Jurchens · Argentina
1549
+11
🇨🇱 Ethiopians · Chile
1503
+14
🇺🇸 Persians · United States
1480
-13
🇨🇳 Mongols · China
1450
-12
🇻🇳 Mongols · Vietnam
1433
-11
🇦🇺 Malians · Australia
1420
-10
jimmy
5:06 Loom
8:51 Feudal Age
18:28 Forging
29:54 Castle Age
超级硬邦邦
2:53 Loom
9:29 Feudal Age
10:09 Double-Bit Axe
16:08 Fletching
17:48 Horse Collar
22:34 Forging
[LO] King Poshcock
10:03 Feudal Age
10:39 Double-Bit Axe
11:49 Horse Collar
11:59 Horse Collar
16:07 Scale Barding Armor
17:40 Forging
18:26 Bloodlines
22:22 Loom
25:02 Castle Age
25:09 Light Cavalry
26:11 Husbandry
26:43 Chain Barding Armor
aKetbuscugioi
10:10 Feudal Age
11:22 Loom
11:33 Double-Bit Axe
17:37 Fletching
19:36 Horse Collar
24:03 Wheelbarrow
27:14 Castle Age
AiM | Fubuki Sinri
7:17 Loom
9:24 Feudal Age
11:48 Fletching
20:43 Double-Bit Axe
25:24 Horse Collar
28:45 Castle Age
27:34 Padded Archer Armor
AiM | PoRRo
7:26 Loom
9:30 Feudal Age
12:14 Fletching
16:16 Double-Bit Axe
21:36 Padded Archer Armor
24:09 Castle Age
24:14 Crossbowman
24:51 Bodkin Arrow
24:56 Padded Archer Armor
AIM | Agua cate 98
6:57 Loom
10:09 Feudal Age
10:46 Double-Bit Axe
11:58 Forging
15:43 Bloodlines
17:11 Scale Barding Armor
18:03 Horse Collar
23:32 Wheelbarrow
25:40 Castle Age
25:49 Light Cavalry
27:08 Husbandry
28:04 Bow Saw
AiM | Facu1414
7:00 Loom
9:18 Feudal Age
9:57 Double-Bit Axe
11:04 Town Watch
18:38 Forging
19:39 Horse Collar
20:50 Scale Barding Armor
27:07 Castle Age
25:25 Bloodlines
25:33 Gold Mining
28:13 Chain Barding Armor
28:29 Iron Casting
27:55 Husbandry
Connection lost

Rejoining the realm…

Still unreachable

The connection could not be restored.

Session expired

The server has moved on; the page needs a fresh start.